 Dungeon Crawl Stone Soup version 0.28-a0-1142-gc8569940dd (webtiles) character file.

Game seed: 14369730773988070991

476 eflewb the Vexing (level 6, -4/28 HPs)
             Began as a Spriggan Enchanter on Dec 13, 2021.
             Was an Initiate of Dithmenos.
             Slain by Pikel (9 damage)
             ... on level 4 of the Dungeon.
             The game lasted 00:10:30 (4666 turns).

eflewb the Vexing (Spriggan Enchanter)              Turns: 4666, Time: 00:10:31

Health: -4/28      AC:  3    Str:  8 (12) XL:     6   Next: 85%
Magic:  3/16       EV: 17    Int: 16      God:    Dithmenos [......]
Gold:   101        SH:  0    Dex: 18      Spells: 8/17 levels left

rFire   . . .      SeeInvis +   a - +1 dagger
rCold   . . .      Faith    .   (shield restricted)
rNeg    . . .      Spirit   .   b - +0 robe
rPois   .          Reflect  .   o - +1 hat of Misanthropy {rElec Dex+2 Stlth+}
rElec   +          Harm     .   (no cloak)
rCorr   .          Rampage  .   (gloves unavailable)
Will    +....                   (boots unavailable)
Stlth   ++++......              (no amulet)
HPRegen 0.09/turn               p - +4 ring of slaying
MPRegen 0.15/turn               n - +6 ring of strength

@: very quick
A: very small, no large weapons, unfitting armour, see invisible, speed 3, horns
1, deterioration 2, screaming 1
a: Renounce Religion


You were on level 4 of the Dungeon.
You worshipped Dithmenos.
Dithmenos was noncommittal.
You visited 1 branch of the dungeon, and saw 4 of its levels.

You collected 129 gold pieces.
You spent 28 gold pieces at shops.

Inventory:

Hand Weapons
 a - a +1 dagger (weapon)
Missiles
 h - 3 datura-tipped darts (quivered)
 l - 21 poisoned darts
 q - 5 stones
Armour
 b - a +0 robe (worn)
 o - the +1 hat of Misanthropy (worn) {rElec Dex+2 Stlth+}
   (You acquired it on level 4 of the Dungeon)

   Dex:       It affects your dexterity (+2).
   rElec:     It insulates you from electricity.
   Stlth:     It makes you more stealthy.
Jewellery
 e - a ring of magical power
 n - a +6 ring of strength (right hand)
 p - a +4 ring of slaying (left hand)
Potions
 c - a potion of invisibility
 d - a potion of heal wounds
 f - a potion of resistance
 g - a potion of flight
 i - 2 potions of attraction
 j - a potion of curing {unknown}
 k - a potion of degeneration {unknown}
 m - a potion of might {unknown}


   Skills:
 - Level 1.1 Short Blades
 - Level 2.6 Dodging
 + Level 6.4 Stealth
 + Level 6.1 Spellcasting
 + Level 6.6 Hexes


You had 8 spell levels left.
You knew the following spells:

 Your Spells              Type           Power      Damage    Failure   Level
a - Ensorcelled Hibernat  Hex/Ice        30%        N/A       5%          2
b - Tukima's Dance        Hex            26%        N/A       2%          3
c - Dazzling Flash        Conj/Hex       30%        N/A       11%         3
d - Sandblast             Erth           8%         2d5       14%         1

Your spell library contained the following spells:

 Spells                   Type           Power      Damage    Failure   Level
 Confusing Touch          Hex            26%        N/A       2%          3
 Corpse Rot               Necr/Air       8%         N/A       21%         2
 Poisonous Vapours        Pois/Air       8%         N/A       21%         2
 Ignite Poison            Fire/Tmut/Pois 4%         N/A       38%         3
 Fireball                 Conj/Fire      2%         3d4       98%         5
 Starburst                Conj/Fire      2%         6d3       100%        6
 Ignition                 Fire           2%         3d3       100%        8


Dungeon Overview and Level Annotations

Branches:
Dungeon (4/15)
 Temple: D:4-7

Altars:
Dithmenos

Shops:
D:2 *

Annotations:
D:4 Pikel


Innate Abilities, Weirdness & Mutations

You are very small and have problems with some larger weapons.
You are too small for most types of armour.
You have supernaturally acute eyesight. (SInv)
You cover ground extremely quickly. (Speed+++)
You have a pair of small horns on your head.
Your body often deteriorates upon taking damage.
You occasionally shout uncontrollably at your foes.


Message History

The lemure is dazzled.
The iguana is no longer blind.
Pikel misses you.
You hit Pikel.
Pikel is heavily wounded.
Pikel closely misses you.
You closely miss Pikel.
Pikel is heavily wounded.
Pikel barely misses you.
You hit Pikel.
Pikel is severely wounded.
Pikel closely misses you.
You closely miss Pikel. You headbutt Pikel, but do no damage.
Pikel is severely wounded.
Pikel hits you with a +0 whip of flaming.
Pikel burns you.
You hit Pikel but do no damage. Your headbutt misses Pikel.
Pikel is severely wounded.
The lemure is no longer blind.
Pikel checks his coin pouch and frowns.
Pikel misses you.
You hit Pikel. Your headbutt misses Pikel.
Pikel is severely wounded.
Pikel closely misses you.
You closely miss Pikel. You headbutt Pikel, but do no damage.
Pikel is severely wounded.
Pikel closely misses you.
You hit Pikel.
Pikel is almost dead.
Pikel hits you with a +0 whip of flaming.
Pikel burns you.
You hit Pikel but do no damage.
Pikel is almost dead.
Pikel hits you with a +0 whip of flaming!
* * * LOW HITPOINT WARNING * * *
Pikel burns you.
* * * LOW HITPOINT WARNING * * *
Your body deteriorates!
You feel weakened.
You completely miss Pikel.
Pikel is almost dead.
Pikel hits you with a +0 whip of flaming!
You die...

#.#
#.#####.#..##.###....#..#
#)# #.#
#.#..##......#.<..# #.#
#.. ..#..######....#.##
#.# ### ###..# #.#.##.#
#.# #..######.#.##.# #.#
#.........#.##.# ..#
#.#########....# ###
#.###l..# ###..#
#.@K55..# .# #####5..#
.## #


You could see Pikel, 3 lemures and an iguana.

Vanquished Creatures
  Grinder (D:4)
  A lemure (D:4)
  Natasha (thrice) (D:2)
  2 gnolls (D:3)
  7 adders
  2 worms
  2 dart slugs
  3 ball pythons
  5 endoplasms
  5 giant cockroaches
  4 goblins
  2 hobgoblins
  2 jackals (D:1)
  7 kobolds
  A quokka (D:3)
  5 bats
  6 frilled lizards
  4 rats
62 creatures vanquished.

Vanquished Creatures (collateral kills)
  A centaur skeleton (D:4)
  Terence (D:2)
  2 gnolls (D:3)
  An endoplasm (D:4)
5 creatures vanquished.

Vanquished Creatures (others)
  A dancing weapon (D:3)
  3 plants (D:2)
4 creatures vanquished.

Grand Total: 71 creatures vanquished

Notes
Turn   | Place    | Note
-------+----------+-------------------------------------------
     0 | D:1      | eflewb the Spriggan Enchanter began the quest for the Orb.
     0 | D:1      | Reached XP level 1. HP: 9/9 MP: 5/5
    22 | D:1      | Got the Almanac of Changing and Clay
   141 | D:1      | Found a faded altar of an unknown god.
   163 | D:1      | Reached XP level 2. HP: 13/13 MP: 7/7
   170 | D:2      | Learned a level 2 spell: Ensorcelled Hibernation
   391 | D:1      | Gained mutation: Armour fits poorly on your strangely
                  | shaped body. [potion of mutation]
   391 | D:1      | Gained mutation: Your body sometimes deteriorates upon
                  | taking damage. [potion of mutation]
   391 | D:1      | Gained mutation: You have a pair of small horns on your
                  | head. [potion of mutation]
   747 | D:2      | Noticed Natasha
   753 | D:2      | Killed Natasha
   754 | D:2      | Reached XP level 3. HP: 16/16 MP: 9/9
   758 | D:2      | Learned a level 3 spell: Tukima's Dance
   762 | D:2      | Learned a level 3 spell: Dazzling Flash
   764 | D:2      | Learned a level 1 spell: Sandblast
   944 | D:2      | Reached XP level 4. HP: 21/21 MP: 11/11
   987 | D:2      | Noticed Natasha
   996 | D:2      | Killed Natasha
   997 | D:2      | Reached skill level 5 in Hexes
  1157 | D:2      | Found Riyr's Assorted Antiques.
  1165 | D:2      | Bought a scroll labelled BEHOTIM IROGO for 28 gold pieces
  1970 | D:2      | Noticed Natasha
  1976 | D:2      | Killed Natasha
  1977 | D:2      | Reached skill level 5 in Spellcasting
  1977 | D:2      | Reached XP level 5. HP: 24/24 MP: 13/13
  2044 | D:2      | Noticed Terence
  2051 | D:2      | Killed Terence
  2565 | D:3      | Lost mutation: Armour fits poorly on your strangely shaped
                  | body. [potion of mutation]
  2565 | D:3      | Gained mutation: You occasionally shout uncontrollably at
                  | your foes. [potion of mutation]
  2565 | D:3      | Gained mutation: Your body often deteriorates upon taking
                  | damage. [potion of mutation]
  2997 | D:3      | Reached skill level 5 in Stealth
  3019 | D:3      | Found a shadowy altar of Dithmenos.
  3025 | D:3      | Became a worshipper of Dithmenos the Shadowed
  3945 | D:4      | Identified a scroll of acquirement
  3945 | D:4      | Acquired the +1 hat of Misanthropy {rElec Dex+2 Stlth+}
  4141 | D:4      | Noticed Grinder
  4156 | D:4      | Paralysed by Grinder for 7 turns
  4167 | D:4      | Reached XP level 6. HP: 21/28 MP: 15/15
  4409 | D:4      | Paralysed by Grinder for 2 turns
  4419 | D:4      | Killed Grinder
  4642 | D:4      | Noticed Pikel
  4666 | D:4      | Slain by Pikel

Illustrated notes

Levels and vault maps discovered:
D:1:      dpeg_arrival_rhombus, layout_loops_ring,
          dreamdust_ecumenical_altar_angels_and_demons
D:2:      layout_basic, serial_shops, nicolae_shop_overgrown_old_shop,
          uniq_terence, uniq_natasha
D:3:      layout_loops_ring, grunt_dithmenos_smoke
D:4:      layout_loops_ring, uniq_grinder, uniq_pikel

Skill      XL: |  1  2  3  4  5  6 |
---------------+-------------------+-----
Spellcasting   | 3 4 5 6 |  6.1
Hexes          | 4 5 6 |  6.6
Stealth        | 5 6 |  6.4
Short Blades   | |  1.1
Dodging        | |  2.6

Action                   |  1- 3 |  4- 6 || total
-------------------------+-------+-------++-------
Melee: Dagger            |    53 |   118 ||   171
       Headbutt          |     2 |    14 ||    16
Throw: Dart              |       |    10 ||    10
 Cast: Ensorcelled Hiber |     8 |    39 ||    47
       Tukima's Dance    |       |     9 ||     9
       Sandblast         |       |     6 ||     6
       Dazzling Flash    |       |     9 ||     9
  Use: Scroll            |     3 |     6 ||     9
       Potion            |     1 |     2 ||     3
 Stab: Sleeping          |    11 |    25 ||    36
       Invisible         |       |     2 ||     2
       Distracted        |       |     1 ||     1
Armor: Robe              |     5 |     8 ||    13
Dodge: Dodged            |    39 |   109 ||   148

Table legend: (Time is in decaauts)
 A = Elapsed time spent in this place.
 B = Non-inter-level travel time spent in this place.
 C = Inter-level travel time spent in this place.
 D = Time resting spent in this place.
 E = Time spent auto-exploring this place.
 F = Levels seen in this place.
 G = Mean time per level.
                   A        B        C        D        E       F      G
               +--------+--------+--------+--------+--------+-----+--------+
         Total |   3689 |   3619 |     70 |    743 |   2272 |   4 |  922.2 |
       Dungeon |   3689 |   3619 |     70 |    743 |   2272 |   4 |  922.2 |
               +--------+--------+--------+--------+--------+-----+--------+

Top non-repeatable levels by time:
     D:2: 1599 daAuts
     D:4: 885 daAuts
     D:3: 703 daAuts
     D:1: 501 daAuts
